cohdb
Replays
Latest Replays
All Replays
Popular Replays
Top Player Replays
Match Explorer
How It Works
Community
CoH3 Stats
Reddit
Sign in to upload your games and track your stats! →
Sign in with Steam
Match 20771468
Unlisted
Match 20771468
Overview
Messages
Build Orders
End
Panzergrenadier Squad
Panzergrenadier Squad
Selects Armored Support Battlegroup
250 Light Carrier
Construct Light Support Kompanie
2.5-tonne Medical Truck
Fire Support Elements
Selects Veteran Gunners
Flakvierling Half-track
Veteran Squad Leaders
Advanced Field Repairs
Construct Panzerarmee Kommand
Selects Flammpanzer III Medium Tank Sd.Kfz. 141
Advanced Optics
Panzer III L Medium Tank
Rapid Advance
Walking Stuka Rocket Launcher
Selects Command Panzer IV F Medium Tank
Armored Reserves
Emergency Repair Kits
Selects Vehicle Awareness
Selects Panzer Storm
AI Takeover
Skyline
Kresnik
CRISPI Richard
Blue
0
0
Comments
sign in to comment!
No comments posted yet!